Map: Altitude LE

Players

A.I. 2 (Hard)

  • Race: Zerg Zerg
  • Spawn Location: 7:00

A.I. 1 (Hard) - Winner!

  • Race: Terran Terran
  • Spawn Location: 1:00

VOD

Have the link to the VOD?

Description

Time

  • Played on: Feb. 12, 2023, 6:55 a.m.
  • Length: 19:50
Show
View Real Time Build Order
Export as new Build Order

A.I. 2 (Hard) Zerg 

Build Orders: 1 Base Baneling Bust, Pool First 

Get SALT Encoding   

  12  0:01  Drone  
  13  0:12  Overlord  
  13  0:17  Drone  
  14  0:30  Drone  
  14  0:31  Drone  
  16  0:44  Spawning Pool  
  16  0:45  Drone  
  16  0:49  Drone  
  17  0:53  Extractor  
  17  0:55  Drone  
  17  1:05  Overlord  
  17  1:31  Queen, Zergling x2  
  20  1:33  Zergling x2  
  20  1:37  Roach Warren  
  20  1:38  Drone  
  21  1:43  Extractor  
  20  1:49  Drone  
  20  1:53  Baneling Nest  
  20  1:59  Drone  
  21  2:10  Drone  
  22  2:21  Zergling x2  
  23  2:31  Drone  
  23  2:36  Baneling  
  24  2:37  Baneling  
  24  2:38  Overlord, Baneling, Zergling x2  
  24  2:40  Zergling x2  
  24  2:43  Zergling x2  
  27  2:54  Drone  
  28  3:05  Zergling x2  
  29  3:09  Overlord, Zergling x2  
  29  3:12  Zergling x2  
  31  3:17  Zergling x2  
  31  3:19  Baneling x3  
  32  3:27  Zergling x2  
  33  3:38  Zergling x2, Evolution Chamber  
  33  3:42  Drone  
  33  3:43  Drone  
  33  3:45  Drone  
  36  3:50  Drone  
  37  4:01  Drone  
  38  4:11  Drone  
  38  4:13  Overlord, Drone, Zergling x2  
  40  4:35  Lair  
  40  4:36  Evolution Chamber  
  39  4:51  Drone  
  40  5:02  Metabolic Boost  
  40  5:09  Zerg Melee Weapons Level 1  
  38  5:17  Zerg Ground Armor Level 1  
  33  5:32  Zergling x2  
  33  5:35  Spire  
  33  5:36  Drone  
  34  5:52  Burrow  
  34  5:57  Baneling  
  34  6:08  Spore Crawler  
  34  6:10  Spore Crawler  
  32  6:11  Drone  
  33  6:29  Zergling x2  
  31  6:36  Zergling x2  
  31  6:39  Drone  
  29  6:42  Zergling x2  
  30  6:49  Zergling x2  
  30  6:53  Spine Crawler  
  27  6:54  Drone  
  27  6:55  Zergling x2  
  27  6:57  Hatchery  
  27  7:01  Mutalisk  
  27  7:03  Zerg Missile Weapons Level 1, Queen  
  32  7:08  Zergling x2  
  32  7:15  Zergling x2  
  33  7:19  Overseer  
  33  7:20  Mutalisk  
  35  7:24  Overseer  
  35  7:27  Mutalisk  
  37  7:32  Spine Crawler  
  37  7:34  Mutalisk  
  38  7:39  Queen  
  38  7:40  Mutalisk  
  42  7:47  Mutalisk, Baneling  
  42  7:48  Hydralisk Den  
  43  7:54  Baneling, Zergling x2  
  44  8:04  Infestation Pit  
  43  8:09  Drone  
  43  8:12  Drone  
  45  8:18  Drone  
  46  8:24  Spore Crawler  
  46  8:27  Drone  
  46  8:29  Drone  
  47  8:44  Hive  
  47  8:53  Corruptor  
  49  9:10  Extractor  
  45  9:17  Overlord  
  45  9:21  Drone  
  45  9:22  Extractor  
  37  9:24  Drone  
  37  9:28  Drone  
  32  9:39  Zergling x2  
  33  9:52  Overseer  
  33  9:58  Greater Spire, Overseer  
  33  10:28  Infestor  
  35  10:37  Pneumatized Carapace  
  35  11:10  Brood Lord  
  35  11:11  Corruptor  
  39  11:23  Drone  
  40  11:27  Overlord  
  40  11:32  Overseer  
  40  11:38  Corruptor  
  42  11:45  Drone  
  42  11:46  Drone  
  44  11:48  Overlord, Drone, Corruptor  
  44  11:49  Drone  
  44  11:50  Hatchery  
  47  11:58  Brood Lord  
  49  12:17  Brood Lord, Corruptor  
  53  12:27  Corruptor  
  55  12:47  Ultralisk Cavern  
  54  12:52  Overlord  
  54  12:56  Hydralisk  
  56  13:02  Drone  
  56  13:03  Drone  
  58  13:07  Drone  
  59  13:19  Overlord, Overseer  
  57  13:28  Overlord  
  51  13:37  Hydralisk  
  47  13:44  Ultralisk  
  53  14:07  Ultralisk  
  56  14:11  Overlord  
  56  14:16  Hydralisk  
  56  14:25  Zergling x2  
  53  14:35  Ultralisk  
  53  14:36  Hatchery  
  50  14:39  Drone  
  51  14:46  Zergling x2  
  51  14:48  Drone x2  
  51  14:50  Drone  
  51  14:52  Hydralisk  
  48  14:54  Drone  
  45  15:06  Drone  
  40  15:08  Drone, Zergling x2  
  40  15:10  Drone  
  41  15:43  Hatchery  
  41  15:46  Drone  
  41  16:13  Ultralisk  
  47  16:22  Zergling x2  
  41  16:27  Hydralisk  
  37  16:35  Ultralisk  
  43  16:48  Ultralisk  
  48  16:54  Zergling x2  
  48  16:58  Hydralisk  
  38  17:03  Ultralisk  
  32  17:24  Drone  
  25  17:33  Drone x2  
  3  17:58  Drone  
  4  18:19  Drone  
  3  18:39  Drone  
Show
View Real Time Build Order
Export as new Build Order

A.I. 1 (Hard) Terran - Winner!

Build Orders:  

Get SALT Encoding   

  12  0:01  SCV  
  13  0:13  SCV  
  14  0:20  Supply Depot  
  14  0:25  SCV  
  15  0:41  SCV  
  16  0:44  Barracks  
  16  0:49  Refinery  
  16  0:54  SCV  
  17  1:06  SCV  
  18  1:18  SCV  
  19  1:21  Supply Depot  
  19  1:30  Marine, SCV  
  21  1:42  Orbital Command  
  21  1:43  Barracks  
  21  1:48  Marine  
  21  1:51  Refinery  
  22  2:06  Barracks Tech Lab  
  22  2:09  Supply Depot  
  22  2:24  Marine  
  23  2:31  Marine  
  24  2:42  Marine  
  25  2:49  Marine, Supply Depot  
  26  2:56  SCV  
  27  3:01  Marauder  
  29  3:07  Marine  
  29  3:08  SCV  
  29  3:10  Engineering Bay  
  31  3:20  SCV  
  31  3:22  Marauder  
  31  3:24  Supply Depot  
  34  3:32  SCV  
  35  3:43  Marauder  
  35  3:44  SCV  
  38  3:56  SCV  
  39  4:05  Marauder  
  41  4:26  Marauder  
  43  5:09  Barracks Tech Lab  
  43  5:10  Marine, Stimpack  
  43  5:11  Factory  
  44  5:14  Factory  
  44  5:17  Missile Turret  
  44  5:18  Terran Infantry Weapons Level 1  
  41  5:27  Combat Shield, Missile Turret  
  41  5:28  Marine  
  42  5:48  Bunker  
  42  5:52  Command Center  
  42  5:56  Factory Tech Lab  
  42  6:01  Starport  
  42  6:06  Factory Tech Lab, Starport  
  42  6:14  Siege Tank  
  45  6:24  Barracks, Cyclone  
  48  6:26  Supply Depot  
  43  6:33  Marine  
  43  6:37  Starport Tech Lab  
  43  6:41  Marine  
  43  6:42  Starport Tech Lab  
  43  6:46  Concussive Shells  
  44  6:50  Marine  
  41  6:58  Raven  
  41  6:59  Marine  
  42  7:04  SCV  
  42  7:05  Refinery  
  42  7:06  SCV  
  42  7:08  Marine  
  42  7:12  Terran Infantry Armor Level 1  
  43  7:15  Marine  
  43  7:17  SCV  
  43  7:18  SCV  
  43  7:22  Missile Turret  
  46  7:24  Missile Turret  
  46  7:25  Marauder  
  46  7:26  Refinery  
  46  7:29  SCV, Raven  
  51  7:30  SCV  
  51  7:33  Marauder  
  54  7:41  SCV  
  54  7:42  SCV  
  55  7:45  Bunker  
  55  7:46  Marauder  
  55  7:50  Siege Tank  
  60  7:53  SCV  
  60  7:54  SCV  
  60  7:55  Sensor Tower  
  62  8:05  SCV  
  63  8:07  Armory  
  63  8:08  SCV  
  64  8:14  Barracks Reactor  
  64  8:17  SCV  
  65  8:20  SCV  
  66  8:29  SCV  
  66  8:32  SCV  
  67  8:41  SCV  
  67  8:44  SCV  
  69  8:49  Supply Depot  
  69  8:53  SCV  
  70  8:56  SCV  
  71  9:05  SCV  
  71  9:08  SCV  
  71  9:09  Sensor Tower  
  71  9:17  Medivac x2  
  71  9:18  Marine  
  71  9:22  Marine, Supply Depot  
  73  9:26  Marine  
  73  9:31  Marine  
  69  9:36  Marauder  
  71  9:47  Medivac, Raven  
  75  9:55  Command Center  
  75  10:09  Thor  
  75  10:12  SCV  
  82  10:15  SCV  
  83  10:24  SCV  
  83  10:26  Supply Depot  
  83  10:27  SCV  
  85  10:33  Terran Infantry Weapons Level 2  
  85  10:36  SCV  
  85  10:39  SCV  
  87  10:48  SCV  
  87  10:49  Terran Vehicle Weapons Level 1  
  88  10:52  SCV  
  89  11:06  Ghost Academy  
  89  11:08  SCV  
  89  11:10  SCV  
  91  11:12  SCV  
  92  11:20  SCV  
  92  11:21  Missile Turret  
  92  11:22  SCV  
  92  11:24  SCV  
  95  11:31  Missile Turret  
  96  11:32  SCV  
  96  11:36  SCV, Fusion Core  
  96  11:38  SCV  
  98  11:44  SCV  
  99  11:48  SCV  
  99  11:50  SCV  
  101  11:57  SCV  
  101  11:59  Bunker  
  101  12:00  SCV  
  103  12:02  SCV  
  103  12:05  Armory  
  103  12:08  Supply Depot  
  104  12:09  SCV  
  104  12:10  Engineering Bay  
  104  12:12  SCV  
  104  12:14  SCV  
  107  12:35  Terran Infantry Armor Level 2  
  106  12:38  SCV  
  106  12:43  Terran Ship Weapons Level 1  
  107  12:50  Refinery  
  107  12:51  Terran Vehicle And Ship Armor Level 1  
  107  12:53  Refinery, Hellion  
  107  12:54  Supply Depot, Terran Infantry Weapons Level 3  
  107  12:56  Hellion  
  111  13:17  Siege Tank, SCV  
  111  13:18  SCV  
  112  13:20  SCV  
  112  13:21  Supply Depot  
  105  13:29  SCV, Raven  
  105  13:30  SCV  
  105  13:32  SCV  
  102  13:35  Hellion  
  102  13:38  Marine  
  102  13:41  SCV, Raven  
  104  13:42  Marine, SCV  
  104  13:45  SCV  
  104  13:47  Supply Depot  
  107  13:49  Siege Tank  
  107  13:53  SCV  
  107  13:54  SCV  
  112  13:56  Siege Tank  
  112  13:57  SCV  
  116  14:05  SCV  
  117  14:21  Siege Tank  
  120  14:29  Siege Tank  
  115  14:36  Marine  
  115  14:37  Terran Vehicle Weapons Level 2  
  111  14:40  Marine  
  112  14:48  Terran Vehicle And Ship Armor Level 2  
  112  14:53  Marine, Terran Infantry Armor Level 3  
  112  14:54  Siege Tank  
  112  14:57  Marine  
  111  15:00  Marine  
  111  15:04  Marine  
  111  15:11  Marine  
  112  15:14  Marine  
  112  15:18  Marine  
  108  15:22  Marine  
  108  15:23  Hellion  
  108  15:26  Thor  
  117  15:29  Command Center  
  117  15:31  Neosteel Armor  
  117  15:38  Rapid Reignition System  
  117  15:44  Hellion  
  119  15:50  Infernal Pre-Igniter  
  119  16:05  Siege Tank  
  122  16:18  Marauder  
  124  16:20  Marauder  
  124  16:22  Marine  
  124  16:25  Marine  
  126  16:28  Cyclone  
  126  16:30  Supply Depot  
  129  16:39  Marauder  
  131  16:40  Marine  
  131  16:42  Marine, Marauder  
  135  16:52  Command Center, Missile Turret  
  135  16:53  Terran Ship Weapons Level 2  
  135  16:55  Missile Turret  
  135  16:57  Refinery  
  135  16:58  Marine  
  135  17:00  Marine x2  
  138  17:02  Marine  
  138  17:03  Refinery  
  138  17:04  Terran Vehicle Weapons Level 3  
  139  17:11  Hi-Sec Auto Tracking  
  139  17:14  Bunker  
  139  17:18  Ghost  
  139  17:21  Marauder  
  143  17:23  Marine  
  143  17:38  Marine  
  143  17:41  Marine, Ghost  
  143  17:47  Marauder  
  144  17:56  Marine  
  144  17:59  Marine  
  145  18:06  Refinery  
  145  18:14  Missile Turret  
  145  18:16  Missile Turret  
  145  18:17  Refinery  
  145  18:34  Marine  
  145  18:38  Bunker  
Tags
 
Add a new tag
Caveats
  • Supply blocks, unpowered buildings, or Contaminate may cause inaccurate times.
  • Supply counts are checked every 10 seconds.